 Dungeon Crawl Stone Soup version 0.28.0-53-g5a82cb258f (webtiles) character file.

Game seed: 6746425813320678204

1874 Descartes the Grave Robber (level 9, -5/54 HPs)
             Began as an Octopode Wanderer on June 12, 2022.
             Was an Initiate of Gozag.
             Slain by Maggie
             ... wielding a +2 halberd of venom
              (15 damage)
             ... on level 6 of the Dungeon.
             The game lasted 00:10:28 (5392 turns).

Descartes the Grave Robber (Octopode Wanderer)      Turns: 5392, Time: 00:10:29

Health: -5/54      AC:  3    Str: 14    XL:     9   Next: 14%
Magic:  11/14      EV: 18    Int: 18    God:    Gozag
Gold:   422        SH:  5    Dex: 16    Spells: 5/15 levels left

rFire   . . .      SeeInvis .   n - +3 spear "Keweppeb" {spect, rN+ Str+3 Dex+4}
rCold   . . .      Faith    .   h - +0 buckler
rNeg    + . .      Spirit   .   k - +2 hat
rPois   .          Reflect  .   (no amulet)
rElec   .          Harm     .   i - +4 ring of evasion
rCorr   .          Rampage  .   (no ring)
Will    .....                   (no ring)
Stlth   ++++......              (no ring)
HPRegen 0.18/turn               (no ring)
MPRegen 0.14/turn               (no ring)
                                (no ring)
                                (no ring)

@: gold aura, mesmerised
A: almost no armour, amphibious, 8 rings, camouflage 1, gelatinous body 1,
(nimble swimmer 1), tentacles
a: Renounce Religion, Potion Petition, Call Merchant, Bribe Branch


You were on level 6 of the Dungeon.
You worshipped Gozag.
Gozag was aware of your devotion.
You visited 2 branches of the dungeon, and saw 7 of its levels.

You collected 459 gold pieces.
You paid 37 gold pieces to Gozag.

Inventory:

Hand Weapons
 a - a +1 short sword of electrocution
 n - the +3 spear "Keweppeb" (weapon) {spect, rN+ Str+3 Dex+4}
   (You found it on level 2 of the Dungeon)

   When its wielder attacks, the weapon's spirit leaps out and strikes again.
   The spirit shares a part of any damage it takes with its wielder.
   Str:       It affects your strength (+3).
   Dex:       It affects your dexterity (+4).
   rN:        It protects you from negative energy.
Missiles
 b - 8 poisoned darts (quivered)
 e - 157 stones
 x - 17 sling bullets
 z - 4 curare-tipped darts
 C - 5 boomerangs
Armour
 h - a +0 buckler (worn)
 k - a +2 hat (worn)
 l - an orb of energy
Jewellery
 i - a +4 ring of evasion (left tentacle)
 y - an amulet of reflection
Wands
 t - a wand of iceblast (2)
Scrolls
 c - 4 scrolls of fog
 d - 4 scrolls of magic mapping {unknown}
 m - a scroll of blinking {unknown}
 o - 4 scrolls of teleportation
 p - 2 scrolls of identify {unknown}
 q - a scroll of enchant weapon {unknown}
 B - 2 scrolls of fear {unknown}
 E - a scroll of vulnerability {unknown}
Potions
 f - 2 potions of brilliance {unknown}
 g - a potion of ambrosia {unknown}
 j - a potion of invisibility {unknown}
 r - a potion of resistance {unknown}
 s - 5 potions of curing {unknown}
 u - 2 potions of mutation {unknown}
 v - 4 potions of heal wounds {unknown}
 w - 2 potions of attraction {unknown}
 A - a potion of degeneration {unknown}
 D - 2 potions of berserk rage {unknown}
 F - a potion of lignification {unknown}


   Skills:
 - Level 2.0 Fighting
 - Level 3.0 Polearms
 - Level 3.0 Throwing
 + Level 3.7 Dodging
 + Level 5.5 Stealth
 * Level 5.5 Shields
 + Level 3.7 Spellcasting
 + Level 1.7 Conjurations
 + Level 5.7 Necromancy
 + Level 1.9 Air Magic
 + Level 3.8 Evocations


You had 5 spell levels left.
You knew the following spells:

 Your Spells              Type           Power      Damage    Failure   Level
a - Animate Skeleton      Necr           46%        N/A       1%          1
b - Dispel Undead         Necr           23%        3d12      19%         4
c - Lightning Bolt        Conj/Air       4%         1d16      95%         5

Your spell library contained the following spells:

 Spells                   Type           Power      Damage    Failure   Level
 Vampiric Draining        Necr           23%        2d7       5%          3
 Airstrike                Air            5%         N/A       65%         4
 Summon Lightning Spire   Summ/Air       6%         N/A       78%         4


Dungeon Overview and Level Annotations

Branches:
Dungeon (6/15)             Temple (1/1) D:6

Altars:
Cheibriados
Dithmenos
Elyvilon
Gozag
Kikubaaqudgha
Nemelex Xobeh
Okawaru
Sif Muna
Trog
Vehumet
Yredelemnul
The Shining One

Shops:
D:4 =

Annotations:
D:6 2 runed translucent doors, Maggie


Innate Abilities, Weirdness & Mutations

You cannot wear most types of armour.
You are amphibious.
You can wear up to eight rings at the same time.
Your skin changes colour to match your surroundings (Stealth+).
Your rubbery body absorbs attacks. (AC +1, EV +1)
((You are camouflaged when in or above water. (Stealth+)))
You have tentacles for arms and can constrict up to eight enemies at once.


Message History

Confirm with . or Enter, or press ? or * to list all spells.
The spell is quite dangerous to miscast (19% risk of failure)!
Continue anyway?
Okay, then.
Reach: n) +3 spear "Keweppeb" {spect, rN+ Str+3 Dex+4}
Press: ? - help, Dir - move target, f - Maggie, p - hornet zombie
Aim: Maggie, wielding a +2 halberd of venom, wearing +0 swamp dragon scales and carrying a wand of flame (15) (moderately wounded, mesmerising, about 30% to evade the +3 spear "Keweppeb")
You reach to attack!
You closely miss Maggie.
Maggie is moderately wounded.
Your +3 spear "Keweppeb" {spect, rN+ Str+3 Dex+4} hits Maggie but does no damage.
You constrict the hornet zombie. The hornet zombie misses you. x2
Maggie casts a spell at you.
The bolt of fire hits your +3 spear "Keweppeb" {spect, rN+ Str+3 Dex+4}.
Your +3 spear "Keweppeb" {spect, rN+ Str+3 Dex+4} resists.
Your spectral weapon shares its damage with you!
The bolt of fire hits you!!
You hit the hornet zombie.
You destroy the hornet zombie!
Maggie zaps a wand.
The puff of flame misses you.
Reach: n) +3 spear "Keweppeb" {spect, rN+ Str+3 Dex+4}
Press: ? - help, Dir - move target, f/p - Maggie
Aim: Maggie, wielding a +2 halberd of venom, wearing +0 swamp dragon scales and carrying a wand of flame (14) (moderately wounded, mesmerising, about 30% to evade the +3 spear "Keweppeb")
You reach to attack!
You hit Maggie.
Maggie is moderately wounded.
Your +3 spear "Keweppeb" {spect, rN+ Str+3 Dex+4} hits Maggie!
You start putting on your amulet.
You continue putting on your amulet of reflection.
Maggie hits you from afar with a +2 halberd of venom!
Keep equipping yourself?
* * * LOW HITPOINT WARNING * * *
You continue putting on your amulet of reflection.
Maggie closely misses you.
You continue putting on your amulet of reflection.
Maggie practices a pose.
Maggie barely misses you.
You continue putting on your amulet of reflection.
Maggie completely misses you.
You continue putting on your amulet of reflection.
Maggie hits you from afar with a +2 halberd of venom!
You die...
Your body crumbles into a pile of gold.

##.
###.###.##..####.#.#
# #⌠#...##..#......#
###.........##.###
.....####.>####.#
###### #.......#
##.####### #.......#
#..####.# #@.#
#.$...# #@.........
#.......##.#
.........# #
###........
##.....### .....##


You could see Maggie (mesmerising).

Vanquished Creatures
  Eustachio (D:5)
  A water moccasin (D:5)
  Pargi (D:3)
  An orc warrior (D:6)
  A sky beast (D:5)
  A hornet zombie (D:6)
  A necrophage (D:4)
  2 ogres
  2 phantoms
  A bullfrog (D:5)
  2 scorpions (D:5)
  A bullfrog skeleton (D:5)
  2 jellies
  A gnoll shaman (D:6)
  An orc priest (D:6)
  A centaur skeleton (D:6)
  4 iguanas
  Ijyb (D:3)
  Natasha (thrice) (D:3)
  A killer bee zombie (D:6)
  A hound skeleton (D:4)
  Robin (D:3)
  9 gnolls
  7 adders
  An ufetubus (D:4)
  An adder zombie (D:5)
  3 worms (D:2)
  A dart slug (D:5)
  9 orcs
  9 ball pythons
  8 bats
  6 endoplasms
  4 giant cockroaches
  8 goblins
  13 hobgoblins
  3 quokkas
  5 frilled lizards
  7 kobolds
  4 rats
129 creatures vanquished.

Vanquished Creatures (others)
  2 fungi (D:6)
  4 withered plants (D:6)
6 creatures vanquished.

Grand Total: 135 creatures vanquished

Notes
Turn   | Place    | Note
-------+----------+-------------------------------------------
     0 | D:1      | Descartes the Octopode Wanderer began the quest for the
                  | Orb.
     0 | D:1      | Descartes set off with the following items: a +0 dagger, 8
                  | poisoned darts, a scroll of fog; and the following spell
                  | memorised: Animate Skeleton; and the following spells
                  | available to memorise: Vampiric Draining, Dispel Undead
     0 | D:1      | Reached XP level 1. HP: 14/14 MP: 2/2
   205 | D:1      | Reached skill level 1 in Stealth
   205 | D:1      | Reached XP level 2. HP: 19/19 MP: 3/3
   748 | D:2      | Reached skill level 1 in Dodging
   748 | D:2      | Reached XP level 3. HP: 24/24 MP: 5/5
   856 | D:2      | Reached skill level 1 in Shields
   873 | D:2      | Identified the +3 spear "Keweppeb" {spect, rN+ Str+3 Dex+4}
  1277 | D:2      | Reached XP level 4. HP: 29/29 MP: 6/6
  1632 | D:3      | Noticed Pargi
  1636 | D:3      | Noticed Natasha
  1649 | D:3      | Killed Pargi
  1650 | D:3      | Reached skill level 1 in Evocations
  1650 | D:3      | Reached XP level 5. HP: 15/34 MP: 6/8
  1651 | D:3      | Killed Natasha
  1875 | D:3      | Noticed Ijyb
  1884 | D:3      | Killed Ijyb
  1885 | D:3      | Reached skill level 1 in Polearms
  2077 | D:3      | Noticed Natasha
  2083 | D:3      | Killed Natasha
  2084 | D:3      | Reached XP level 6. HP: 37/39 MP: 9/9
  2122 | D:3      | Learned a level 4 spell: Dispel Undead
  2143 | D:3      | Noticed Robin
  2150 | D:3      | Killed Robin
  2287 | D:3      | Found a basalt altar of Yredelemnul.
  2319 | D:3      | Noticed Natasha
  2325 | D:3      | Killed Natasha
  2711 | D:4      | Found Haoh's Jewellery Shoppe.
  2849 | D:4      | Noticed a necrophage
  2856 | D:4      | Killed a necrophage
  2857 | D:4      | Reached XP level 7. HP: 41/45 MP: 10/10
  2966 | D:4      | Found a bloodstained altar of Trog.
  3035 | D:4      | Found an opulent altar of Gozag.
  3039 | D:4      | Became a worshipper of Gozag Ym Sagoz the Greedy
  3251 | D:5      | Entered Level 5 of the Dungeon
  3513 | D:5      | Reached skill level 5 in Necromancy
  3900 | D:5      | Reached XP level 8. HP: 34/50 MP: 12/12
  3927 | D:5      | Noticed Eustachio
  3966 | D:5      | Killed Eustachio
  4180 | D:5      | Learned a level 5 spell: Lightning Bolt
  4465 | D:5      | Reached skill level 5 in Stealth
  4465 | D:5      | Reached skill level 5 in Shields
  4644 | D:6      | Reached skill level 1 in Conjurations
  4644 | D:6      | Reached skill level 1 in Air Magic
  4646 | D:6      | Found a large runed translucent door.
  4674 | D:6      | Found a large runed translucent door.
  4796 | D:6      | Found a staircase to the Ecumenical Temple.
  4802 | Temple   | Entered the Ecumenical Temple
  5208 | D:6      | Reached XP level 9. HP: 54/54 MP: 14/14
  5371 | D:6      | Noticed Maggie
  5392 | D:6      | Slain by Maggie

Illustrated notes

Levels and vault maps discovered:
D:1:      dpeg_arrival_snail, layout_loops_ring
D:2:      layout_loops_ring, kennysheep_generic_room_11
D:3:      layout_loops_ring, mainiacjoe_overflow_six_doors_small,
          chequers_serial_rivers_micro_d, uniq_ijyb, uniq_robin, uniq_pargi,
          uniq_natasha
D:4:      layout_cave_pools, lightli_temple_of_fire, marbit_many_paths,
          minmay_shop_enchanted_jewellery, sigmund_army
D:5:      layout_loops_ring, uniq_eustachio
D:6:      layout_loops_corners, jmf_multi_god_temple2, minmay_temple_entry_hall,
          serial_undead, serial_undead_e, serial_undead_e, serial_undead_c,
          serial_undead_a, nicolae_fountain_basement, uniq_maggie,
          uniq_crazy_yiuf_cottage
Temple:   jpeg_temple_island

Skill      XL: |  1  2  3  4  5  6  7  8 |
---------------+-------------------------+-----
Stealth        | 1 2 3 4 5 |  5.5
Dodging        | 1 2 3 |  3.7
Shields        | 1 2 3 4 5 |  5.5
Spellcasting   | 2 3 |  3.7
Evocations     | 1 2 3 |  3.8
Polearms       | 1 2 3 |  3.0
Necromancy     | 5 |  5.7
Conjurations   | 1 |  1.7
Air Magic      | 1 |  1.9
Fighting       | |  2.0
Throwing       | |  3.0

Action                   |  1- 3 |  4- 6 |  7- 9 || total
-------------------------+-------+-------+-------++-------
Melee: Dagger            |    51 |       |       ||    51
       Constrict         |    10 |    12 |    23 ||    45
       Tentacles         |     5 |    10 |    19 ||    34
       Punch             |     1 |       |     2 ||     3
       Spear             |     6 |    73 |   121 ||   200
 Cast: Dispel Undead     |       |       |     2 ||     2
  Use: Scroll            |       |     1 |       ||     1
 Stab: Sleeping          |    17 |    11 |     8 ||    36
       Distracted        |       |     1 |     3 ||     4
Armor: Skin              |     6 |     1 |     5 ||    12
Dodge: Dodged            |    20 |    21 |    52 ||    93
Block: Buckler           |     6 |     8 |    14 ||    28
